AoeStats
← CrazyAgu4400

Arena

507352443Analyzed
1v1 RM · 13d ago on Sep 17, 2026· 16m 40s· 2 players
Game mode
Random Map
Map size
Tiny (2 player)
Population
200
Speed
Normal
Resources
Standard
Victory
Conquest
Starting age
Dark Age
Ending age
Imperial Age
RankedLock teamsTeams togetherTeam positionsShared explorationLock speedFull tech treeHidden civsTurbo modeCheats
Victory
Defeat
🇦🇷 Spanish · Argentina
1180
+14
🇪🇸 Maya · Spain
1140
-14
CrazyAgu4400
5:21 Loom
11:08 Feudal Age
12:29 Stone Mining
15:18 Castle Age
15:17 Double-Bit Axe
agirrezt
0:44 Loom
11:32 Feudal Age
12:19 Double-Bit Axe
12:29 Gold Mining
Connection lost

Rejoining the realm…

Still unreachable

The connection could not be restored.

Session expired

The server has moved on; the page needs a fresh start.